[Event "7th Summer Cup 2024"]
[Site "Rhodes"]
[Date "2024.06.24"]
[Round "3.1"]
[White "Mostbauer, Florian"]
[Black "Nasuta, Grzegorz"]
[Result "1/2-1/2"]
[ECO "D35"]
[WhiteElo "2324"]
[BlackElo "2541"]
[Annotator "TA"]
[PlyCount "64"]
[EventDate "2024.06.22"]
[EventType "swiss"]
[EventCountry "GRE"]
[SourceTitle "playchess.com"]
[Source "ChessBase"]
[SourceQuality "1"]
[TimeControl "15/5400+30:1800+30"]

1. d4 d5 2. Nf3 Nf6 3. c4 e6 4. cxd5 exd5 5. Nc3 c6 6. Qc2 g6 7. Bg5 Be7 8. e3 Bf5 9. Bd3 Bxd3 10. Qxd3 Nbd7 11. Bh6 Ng4 12. Bf4 O-O 13. h3 Ngf6 14. O-O Re8 15. Rab1 a5 {[%emt 0:00:09] The position is equal.} 16. Rfc1 Bf8 17. Ne5 Nxe5 18. Bxe5 Nd7 19. Bg3 Re6 20. Rc2 Nb6 21. b3 Nd7 22. Ne2 Re8 23. Qd1 Nb6 24. Nc1 Bd6 25. Bxd6 Qxd6 26. Nd3 Qe7 27. a4 Nc8 28. Qe1 Nd6 29. Qc3 Ne4 30. Qe1 Nd6 31. Qc3 Ne4 32. Qe1 Nd6 {[%emt 0:00:05] A rather calm draw.   Weighted Error Value: White=0.03 (flawless) /Black=0.03 (flawless) .  OK:         	White=7     	Black=4} 1/2-1/2

[Event "7th Summer Cup 2024"]
[Site "Rhodes"]
[Date "2024.06.24"]
[Round "3.2"]
[White "Mickiewicz, Piotr"]
[Black "Sibashvili, Giorgi"]
[Result "0-1"]
[ECO "C54"]
[WhiteElo "2257"]
[BlackElo "2423"]
[Annotator "RC"]
[PlyCount "84"]
[EventDate "2024.06.22"]
[EventType "swiss"]
[EventCountry "GRE"]
[SourceTitle "playchess.com"]
[Source "ChessBase"]
[SourceQuality "1"]
[TimeControl "15/5400+30:1800+30"]

1. e4 e5 2. Nf3 Nc6 3. Bc4 Bc5 4. c3 Nf6 5. d3 O-O 6. Nbd2 d5 7. exd5 Nxd5 8. Ne4 Be7 9. O-O Nb6 10. Bb3 Bf5 11. a4 a5 12. Be3 Nd5 13. Bc4 Nxe3 14. fxe3 Bxe4 15. dxe4 Bc5 16. Qb3 Bxe3+ 17. Kh1 Rb8 18. g3 Qe7 19. Nh4 g6 20. Rf3 Bc5 21. Raf1 Nd8 22. Rf6 Kg7 23. g4 Ne6 24. Bxe6 fxe6 25. g5 Be3 26. Kg2 Bxg5 27. Rxe6 Qd7 28. Nf3 Bf4 29. Qd5 Qxd5 30. exd5 Rbe8 31. Rd1 Kf7 32. Rxe8 Rxe8 33. Re1 Kf6 34. Re4 Rd8 35. c4 c6 36. dxc6 bxc6 37. Re2 g5 38. h3 h5 39. Ne1 Kf5 40. Kf1 g4 41. Nc2 gxh3 42. Ne3+ Ke6 0-1

[Event "7th Summer Cup 2024"]
[Site "Rhodes"]
[Date "2024.06.24"]
[Round "3.3"]
[White "Stefanova, Antoaneta"]
[Black "Ladopoulos, Dimitrios"]
[Result "1/2-1/2"]
[ECO "C07"]
[WhiteElo "2417"]
[BlackElo "2374"]
[Annotator "RC"]
[PlyCount "33"]
[EventDate "2024.06.22"]
[EventType "swiss"]
[EventCountry "GRE"]
[SourceTitle "playchess.com"]
[Source "ChessBase"]
[SourceQuality "1"]
[TimeControl "15/5400+30:1800+30"]

1. e4 e6 2. d4 d5 3. Nd2 c5 4. Ngf3 cxd4 5. Nxd4 Nf6 6. exd5 Nxd5 7. Ne4 Be7 8. Bb5+ Bd7 9. c4 Nf6 10. Nc3 a6 11. Bxd7+ Qxd7 12. Be3 Nc6 13. O-O Nxd4 14. Qxd4 Qxd4 15. Bxd4 Rc8 16. b3 Bc5 17. Ne2 1/2-1/2

[Event "7th Summer Cup 2024"]
[Site "Rhodes"]
[Date "2024.06.24"]
[Round "3.4"]
[White "Al Maamari, Wafia Darwish"]
[Black "Kotronias, Vasilios"]
[Result "0-1"]
[ECO "A40"]
[WhiteElo "1933"]
[BlackElo "2415"]
[Annotator "RC"]
[PlyCount "72"]
[EventDate "2024.06.22"]
[EventType "swiss"]
[EventCountry "GRE"]
[SourceTitle "playchess.com"]
[Source "ChessBase"]
[SourceQuality "1"]
[TimeControl "15/5400+30:1800+30"]

1. Nf3 g6 2. d4 Bg7 3. b3 c5 4. Bb2 Nc6 5. e3 d5 6. Be2 Bg4 7. O-O Bxf3 8. Bxf3 cxd4 9. exd4 e6 10. Qd3 Nge7 11. c3 O-O 12. Nd2 Nf5 13. g3 a6 14. Bg4 Nd6 15. f4 b5 16. Nf3 f5 17. Bh3 Ne4 18. Ne5 Nxe5 19. dxe5 Rc8 20. Qd4 Rf7 21. Bg2 Bf8 22. b4 Rc4 23. Qe3 Nc5 24. Rfc1 Na4 25. Qd2 Rfc7 26. Bf1 R4c6 27. Rab1 Qc8 28. Qd4 Nxb2 29. Rxb2 Rxc3 30. Rxc3 Rxc3 31. Qb6 Rc6 32. Qa7 Rc1 33. Qb6 Rxf1+ 34. Kxf1 Qc1+ 35. Kg2 Qxb2+ 36. Kh3 Kf7 0-1

[Event "7th Summer Cup 2024"]
[Site "Rhodes"]
[Date "2024.06.24"]
[Round "3.5"]
[White "Papasimakopoulos, Alexandros"]
[Black "Sandalakis, Nikolaos"]
[Result "1-0"]
[ECO "A06"]
[WhiteElo "2375"]
[BlackElo "2229"]
[Annotator "RC"]
[PlyCount "107"]
[EventDate "2024.06.22"]
[EventType "swiss"]
[EventCountry "GRE"]
[SourceTitle "playchess.com"]
[Source "ChessBase"]
[SourceQuality "1"]
[TimeControl "15/5400+30:1800+30"]

1. Nf3 d5 2. b3 Nf6 3. Bb2 Bf5 4. c4 e6 5. e3 Be7 6. Be2 h6 7. d4 c6 8. Nbd2 Nbd7 9. a3 a5 10. c5 Ne4 11. Nxe4 Bxe4 12. O-O O-O 13. Nd2 Bg6 14. b4 Bf6 15. f4 b6 16. Qc1 Qc7 17. Bc3 bxc5 18. bxc5 a4 19. Bd1 Bd3 20. Rf2 Be7 21. Bc2 Bxc2 22. Qxc2 f5 23. Rb1 Rfb8 24. Bb4 Nf6 25. Rff1 Qa7 26. Qd3 Qa6 27. Qxa6 Rxa6 28. Rb2 Ra7 29. Rfb1 Rab7 30. Nf3 Nd7 31. Ne1 Bd8 32. Nd3 Bc7 33. Be1 Rxb2 34. Rxb2 Rb5 35. Rb4 Nf6 36. Nb2 Ng4 37. Nd1 Rxb4 38. Bxb4 g5 39. h3 Nf6 40. fxg5 hxg5 41. Nb2 f4 42. Kf2 g4 43. exf4 gxh3 44. gxh3 Bxf4 45. Nxa4 Ne4+ 46. Kf3 Bc1 47. Nb6 Bb2 48. Ke3 Bc1+ 49. Kd3 Nf2+ 50. Kc3 Kf7 51. a4 Ke8 52. a5 Kd8 53. a6 Kc7 54. a7 1-0

[Event "7th Summer Cup 2024"]
[Site "Rhodes"]
[Date "2024.06.24"]
[Round "3.6"]
[White "Heesen, Jos"]
[Black "Ballas, Athanasios-panagioti"]
[Result "0-1"]
[ECO "B23"]
[WhiteElo "1866"]
[BlackElo "2151"]
[Annotator "RC"]
[PlyCount "98"]
[EventDate "2024.06.22"]
[EventType "swiss"]
[EventCountry "GRE"]
[SourceTitle "playchess.com"]
[Source "ChessBase"]
[SourceQuality "1"]
[TimeControl "15/5400+30:1800+30"]

1. Nc3 c5 2. e4 e6 3. f4 d5 4. e5 Nc6 5. Bb5 Bd7 6. Nf3 Nge7 7. d4 Nf5 8. Bxc6 bxc6 9. Ne2 Qb6 10. c3 cxd4 11. Nexd4 Nxd4 12. cxd4 c5 13. Be3 Qxb2 14. O-O c4 15. Rf2 Qa3 16. Bc1 Qa4 17. Qxa4 Bxa4 18. Rb1 Bc6 19. Rfb2 Kd7 20. Rb8 Rxb8 21. Rxb8 Kc7 22. Rb1 h6 23. Bd2 Ba3 24. Bb4 Rb8 25. Bd6+ Bxd6 26. exd6+ Kc8 27. Rxb8+ Kxb8 28. Ne5 Bb5 29. Kf2 f6 30. Ng6 Kc8 31. Nf8 Bd7 32. g4 Kd8 33. h4 Bc8 34. g5 hxg5 35. hxg5 fxg5 36. fxg5 Ke8 37. Ng6 Kd7 38. Nf4 Kxd6 39. g6 Bd7 40. Ne2 Be8 41. Nc3 a6 42. Ke3 Bxg6 43. Kf4 Bc2 44. a3 g5+ 45. Kxg5 e5 46. Ne2 Bd3 47. Nc1 exd4 48. Kf4 Kc5 49. Ke5 Bc2 0-1

[Event "7th Summer Cup 2024"]
[Site "Rhodes"]
[Date "2024.06.24"]
[Round "3.7"]
[White "Budisavljevic, Luka"]
[Black "Szalay-Ocsak, Bank"]
[Result "1-0"]
[ECO "B38"]
[WhiteElo "2468"]
[BlackElo "2279"]
[Annotator "TA"]
[PlyCount "81"]
[EventDate "2024.06.22"]
[EventType "swiss"]
[EventCountry "GRE"]
[SourceTitle "playchess.com"]
[Source "ChessBase"]
[SourceQuality "1"]
[TimeControl "15/5400+30:1800+30"]

1. Nf3 c5 2. c4 Nc6 3. d4 cxd4 4. Nxd4 g6 5. e4 Nf6 6. Nc3 d6 7. f3 Bg7 8. Be3 O-O 9. Be2 Nh5 10. Qd2 Bxd4 11. Bxd4 Nxd4 {[%emt 0:00:04] White has an edge.} 12. Qxd4 Nf4 13. Bf1 Qa5 14. Qd2 Qe5 15. g3 Ne6 16. O-O-O b5 17. cxb5 $16 Bb7 18. Nd5 (18. Kb1 $142) 18... Rfc8+ 19. Kb1 Nc5 20. Qd4 Bxd5 21. Qxd5 Qf6 22. Be2 {[%emt 0:01:11] White is more active.} Rab8 23. Qd4 {[%emt 0:00:36] aiming for Qxf6.} Kg7 24. Rd2 Qxd4 25. Rxd4 Kf6 26. Rc1 g5 {[%emt 0:00:14] Black is weak on the light squares} 27. h3 h5 28. Rd5 Ne6 29. a4 Rxc1+ 30. Kxc1 $18 {[%emt 0:00:01][%mdl 4096] Endgame. KRB-KRN} Nc5 31. Bd1 h4 {[%emt 0:03:17] [#]} 32. gxh4 gxh4 33. b4 Ne6 34. Kd2 Ng5 {[%emt 0:00:40][%cal Ob8h8] [#]} 35. Ke3 $1 Nxh3 36. Rh5 {[%emt 0:02:37] Prevents Rh8.} e5 {[%emt 0:02:46] ...Nf4 is the strong threat.} 37. Rxh4 Nf4 {[%emt 0:00:04] Threatens to win with ...Ng2+.} 38. Rh6+ Ke7 39. Bb3 a6 $2 (39... Rg8 40. Rh2 Rg1) 40. bxa6 Rxb4 41. a7 {[%emt 0:00:00] Weighted Error Value: White=0.04 (flawless) /Black=0.16 (very precise) .  Mistake:       	White=1     	Black=2      Inaccurate:     	White=1     	Black=3      OK:         	White=12    	Black=9      Best:        	White=4     	Black=1      Strong:       	White=1     	---} 1-0

[Event "7th Summer Cup 2024"]
[Site "Rhodes"]
[Date "2024.06.24"]
[Round "3.8"]
[White "Gelle, Istvan"]
[Black "Perrakis, Polychronis"]
[Result "1-0"]
[ECO "A80"]
[WhiteElo "2163"]
[BlackElo "1754"]
[Annotator "RC"]
[PlyCount "115"]
[EventDate "2024.06.22"]
[EventType "swiss"]
[EventCountry "GRE"]
[SourceTitle "playchess.com"]
[Source "ChessBase"]
[SourceQuality "1"]
[TimeControl "15/5400+30:1800+30"]

1. d4 e6 2. Bf4 f5 3. e3 Nf6 4. Nf3 Be7 5. h3 O-O 6. Nbd2 d6 7. a4 Nc6 8. Be2 h6 9. Bh2 Qe8 10. a5 a6 11. c3 Bd7 12. Qb3 Rb8 13. O-O Kh8 14. Bc4 Qf7 15. Kh1 g5 16. Ng1 Rg8 17. f3 Nd5 18. Bxd5 exd5 19. e4 Be6 20. exd5 Bxd5 21. c4 Nxd4 22. Qd3 Bc6 23. Qxd4+ Bf6 24. Qd3 Bxb2 25. Rab1 Qf6 26. Ne2 Rbe8 27. Ng3 Rgf8 28. Nxf5 Qc3 29. Qxc3+ Bxc3 30. Ne4 Rxf5 31. Nxc3 Rxa5 32. Bg1 Kg8 33. Rfe1 Rxe1 34. Rxe1 Kf7 35. Be3 Re5 36. Kg1 b5 37. cxb5 axb5 38. Kf2 b4 39. Ne2 Bd7 40. f4 Ra5 41. Rd1 g4 42. Nc1 gxh3 43. gxh3 Rh5 44. Rd4 Rb5 45. Nd3 Bxh3 46. Rxb4 Rxb4 47. Nxb4 c5 48. Nd5 Be6 49. Nc3 c4 50. Nb5 Ke7 51. Bd2 d5 52. Bb4+ Kd7 53. Kg3 h5 54. Kh4 Bg4 55. Kg5 Bf3 56. f5 Ke8 57. Kg6 Bg4 58. f6 1-0